 Dungeon Crawl Stone Soup version 0.30-a0-1157-g2cc9ac7196 (webtiles) character file.

Game seed: 2025938881411625897

16909 Jeffwins the Tainter (level 12, -27/86 HPs)
             Began as a Human Wanderer on Apr 24, 2023.
             Was a Priest of Vehumet.
             Annihilated by a skeletal warrior
             ... wielding a +0 scimitar
              (28 damage)
             ... on level 12 of the Dungeon.
             The game lasted 00:25:27 (14357 turns).

Jeffwins the Tainter (Human Wanderer)              Turns: 14357, Time: 00:25:28

Health: -27/86     AC: 10    Str: 19    XL:     12   Next: 76%
Magic:  32/32      EV: 11    Int: 18    God:    Vehumet [***...]
Gold:   1633       SH:  5    Dex: 10    Spells: 17/25 levels left

rFire   + . .        a - +0 triple crossbow
rCold   + + .        (shield currently unavailable)
rNeg    . . .        E - +2 robe {Will+}
rPois   .            w - +2 helmet
rElec   .            r - scarf {rC+ rF+}
rCorr   .            A - +0 pair of gloves
SInv    .            K - +1 pair of boots {Fly}
Will    +....        x - amulet of reflection
Stlth   ++           n - ring of Walaumo {Fly rC+ Str+4 Slay+2 Stlth-}
HPRegen 0.34/turn    W - ring of magical power
MPRegen 0.23/turn

%: reflection
@: about to teleport, attractive, flying
A: no striking features
a: Renounce Religion


You were on level 12 of the Dungeon.
You worshipped Vehumet.
Vehumet was most pleased with you.
You visited 1 branch of the dungeon, and saw 12 of its levels.

You collected 1633 gold pieces.


   Skills:
 + Level 5.2 Fighting
 - Level 1.0 Short Blades
 * Level 7.7 Ranged Weapons
 - Level 1.0 Dodging
 + Level 5.6 Stealth
 * Level 7.4 Spellcasting
 * Level 8.0 Transmutations
 * Level 8.0 Fire Magic
 * Level 9.6 Poison Magic
 - Level 1.0 Invocations
 + Level 5.3 Evocations


You had 17 spell levels left.
You knew the following spells:

 Your Spells              Type           Power      Damage    Failure   Level
c - Scorch                Fire           70%        2d8       1%          2
p - Sting                 Tmut/Pois      100%       1d8       1%          1
x - Ignite Poison         Fire/Tmut/Pois 37%        N/A       1%          3
z - Poisonous Vapours     Pois/Air       48%        N/A       1%          2

Your spell library contained the following spells:

 Spells                   Type           Power      Damage    Failure   Level
 Inner Flame              Hex/Fire       21%        N/A       1%          3
 Freeze                   Ice            24%        1d4       3%          1
 Searing Ray              Conj           12%        2d4       4%          2
 Alistair's Intoxication  Tmut/Pois      25%        N/A       8%          5
 Dazzling Flash           Conj/Hex       12%        N/A       9%          3
 Frozen Ramparts          Ice            12%        1d2       9%          3
 Hailstorm                Conj/Ice       6%         3d4       9%          3
 Apportation              Tloc           12%        N/A       11%         1
 Necrotise                Necr           24%        1d5       11%         1
 Summon Small Mammal      Summ           24%        N/A       11%         1
 Irradiate                Conj/Tmut      10%        3d15      16%         5
 Plasma Beam              Fire/Air       10%        2x1d23    58%         6
 Starburst                Conj/Fire      10%        6d5       58%         6
 Passage of Golubria      Tloc           6%         N/A       71%         4
 Agony                    Necr           6%         N/A       96%         5
 Silence                  Hex/Air        3%         N/A       96%         5
 Statue Form              Tmut/Erth      14%        N/A       97%         6
 Dispersal                Tloc           3%         N/A       100%        6
 Lehudib's Crystal Spear  Conj/Erth      3%         10d2      100%        8

Inventory:

Hand Weapons
 a - a +0 triple crossbow (weapon)
 U - the +1 long sword of Flawed Execution {speed, +Blink rElec rC- Int+7}
   (You took it off a centaur warrior on level 12 of the Dungeon)

   Int:       It affects your intelligence (+7).
   rC:        It makes you vulnerable to cold.
   rElec:     It insulates you from electricity.
   +Blink:    It lets you blink.
 X - the +2 hand axe "Hydraslayer" {flame, *Rage rElec rN+}
   (You took it off a centaur warrior on level 12 of the Dungeon)

   rElec:     It insulates you from electricity.
   rN:        It protects you from negative energy.
   *Rage:     It berserks you when you make melee attacks (+20% chance).
Missiles
 k - 7 throwing nets {=f}
 y - 15 poisoned darts
Armour
 r - a scarf of resistance (worn)
 w - a +2 helmet (worn)
 A - a +0 pair of gloves (worn)
 E - a +2 robe of willpower (worn)
 G - a +2 ring mail of cold resistance
 K - a +1 pair of boots of flying (worn)
 Y - a +1 leather armour of cold resistance
Magical Staves
 b - the staff of poison "Edurij" {rPois rF+ Int+3}
   (You took it off a centaur warrior on level 9 of the Dungeon)

   [staff of poison]

   Base accuracy: +5 Base damage: 5 Base attack delay: 1.2 This weapon's minimum
   attack delay (0.6) is reached at skill level 12.
   Int:       It affects your intelligence (+3).
   rF:        It protects you from fire.
   rPois:     It protects you from poison.
   It falls into the 'Staves' category.
   It is a one-handed weapon.
 e - the staff of air "Ywneyxuw" {rElec rPois rCorr}
   (You found it on level 12 of the Dungeon)

   [staff of air]

   Base accuracy: +5 Base damage: 5 Base attack delay: 1.2 This weapon's minimum
   attack delay (0.6) is reached at skill level 12.
   rElec:     It insulates you from electricity.
   rPois:     It protects you from poison.
   rCorr:     It protects you from acid and corrosion.
   It falls into the 'Staves' category.
   It is a one-handed weapon.
Jewellery
 n - the ring of Walaumo (left hand) {Fly rC+ Str+4 Slay+2 Stlth-}
   (You acquired it on level 5 of the Dungeon)

   [ring of flight]

   Str:       It affects your strength (+4).
   Slay:      It affects your accuracy & damage with ranged weapons and melee
   (+2).
   rC:        It protects you from cold.
   Fly:       It grants you flight.
   Stlth:     It makes you less stealthy.
 x - an amulet of reflection (around neck)
 F - a ring of protection from fire
 N - a ring of positive energy
 W - a ring of magical power (right hand)
 Z - a ring of wizardry
Wands
 s - a wand of paralysis (18)
 L - a wand of polymorph (10)
 R - a wand of mindburst (6)
Scrolls
 c - 5 scrolls of teleportation {@r4}
 i - 4 scrolls of immolation {!r}
 l - a scroll of enchant weapon {unknown}
 q - a scroll of fog
 u - a scroll of amnesia
 P - a scroll of blinking
 Q - a scroll of fear
 T - a scroll of magic mapping
 V - a scroll of brand weapon {unknown}
Potions
 d - 3 potions of heal wounds {unknown}
 g - 4 potions of attraction {!q}
 h - 5 potions of lignification {!q}
 m - 2 potions of might {unknown}
 o - 2 potions of resistance {unknown}
 p - 2 potions of degeneration {unknown}
 v - 3 potions of curing {unknown}
 z - a potion of flight
 B - a potion of haste {unknown}
 C - 2 potions of invisibility {unknown}
 H - a potion of ambrosia {unknown}
 I - a potion of mutation {unknown}
 J - 2 potions of magic {unknown}
Miscellaneous
 f - a lightning rod (inert)
 M - a phial of floods

Dungeon Overview and Level Annotations

Branches:
Dungeon (13/15)            Temple (0/1) D:7          Vaults (0/5) D:13
   Lair: D:8-11         Orc: D:9-12

Altars:
Ashenzari
Elyvilon
Fedhas
Hepliaklqana
Nemelex Xobeh
Qazlal
Trog
Uskayaw
Vehumet
Wu Jian
Zin
The Shining One

Annotations:
D:7 3 runed translucent doors, qeuew's ghost, novice DsCK

P.P~~~♣P~~P#.#............○§
.~~♣~PP..###.............▒▒▒▒▒.
~P~P~P.....#....PP~......▒▒▒....
~P~.P......#...~~.P~.##.#.......
P~P#.......#....~P~♣.##.#.......
#.........#########....#.......
###.......###..................
#....).........).............
#............@z..............
#......................#####
#........##..#########..#
#........#..............#
#######......▒▒▒.▒▒▒....##
#.........▒▒.....▒▒....##
#.###....▒▒.▒▒.▒▒.▒▒....## ## #
##..(..▒.▒▒...▒▒.▒.z...##
...#.#.)....▒.▒.....▒.▒......##


You could see a skeletal warrior (corroded).


Message History

Unknown command.
Aiming: Thunderbolt
Press: ? - help, Shift-Dir - straight line, f/p - skeletal warrior
Aim: a skeletal warrior, wielding a +0 scimitar (heavily damaged, covered in acid)
The thunderbolt hits the skeletal warrior!
The skeletal warrior is severely damaged.
The lightning rod overheats!
The skeletal warrior hits you with a +0 scimitar!!
* * * LOW HITPOINT WARNING * * *
Unknown command.
As you read the scroll of teleportation {@r4}, it crumbles to dust.
You feel strangely unstable.
The skeletal warrior closely misses you.
You are too injured to fight recklessly!
Unknown command.
Fire: a) +0 triple crossbow
Press: ? - help, Q - select action, (/) - cycle Shift-Dir - straight line, f/p - skeletal warrior
Aim: a skeletal warrior, wielding a +0 scimitar (severely damaged, covered in acid, 59% to hit)
You shoot a bolt. The bolt hits the skeletal warrior!
The skeletal warrior is almost destroyed.
The skeletal warrior hits you with a +0 scimitar!
* * * LOW HITPOINT WARNING * * *
The skeletal warrior hits you with a +0 scimitar!!
* * * LOW HITPOINT WARNING * * *
Unknown command.
Unknown command.
It was a potion of attraction.
You feel attractive to monsters.
The skeletal warrior hits you with a +0 scimitar!!
You die...

Skill      XL: |  1  2  3  4  5  6  7  8  9 10 11 12 |
---------------+-------------------------------------+-----
Transmutations | 1 2 3 4 5 6 7 8 |  8.0
Fire Magic     | 1 2 3 4 5 6 7 8 |  8.0
Spellcasting   | 2 3 4 5 6 7 |  7.4
Ranged Weapons | 1 2 3 4 5 6 7 |  7.7
Stealth        | 1 2 3 4 5 |  5.6
Fighting       | 1 2 3 4 5 |  5.2
Poison Magic   | 6 7 8 9 |  9.6
Evocations     | 2 3 4 5 |  5.3
Short Blades   | |  1.0
Dodging        | |  1.0
Invocations    | |  1.0

Action                     |  1- 3 |  4- 6 |  7- 9 | 10-12 || total
---------------------------+-------+-------+-------+-------++-------
  Melee: Short sword       |    70 |       |       |       ||    70
         Dagger            |   110 |    23 |       |       ||   133
         Punch             |     2 |       |       |       ||     2
   Fire: Triple crossbow   |       |    22 |    76 |   137 ||   235
   Cast: Poisonous Vapours |     6 |    29 |    90 |   165 ||   290
         Ignite Poison     |       |    10 |    27 |    59 ||    96
  Evoke: Wand              |       |       |     6 |    19 ||    25
         Phial of floods   |       |       |       |     1 ||     1
         Lightning rod     |       |       |       |     4 ||     4
    Use: Scroll            |     1 |     5 |     7 |     6 ||    19
         Potion            |       |       |       |     1 ||     1
 Armour: Leather armour    |    37 |    11 |    27 |     3 ||    78
         Robe              |       |       |       |    37 ||    37
  Dodge: Dodged            |    79 |    22 |    68 |   103 ||   272
  Block: Other             |       |     2 |    34 |    36 ||    72
         Reflection        |       |     1 |     1 |     5 ||     7

Levels and vault maps discovered:
D:1:      lightli_arrival_windingriver, layout_loops_corners, serial_forest,
          infiniplex_forest_lined_1, infiniplex_forest_clump_double,
          infiniplex_forest_corner_1, infiniplex_forest_end_1,
          infiniplex_forest_clump_diagonal, infiniplex_forest_straight_3,
          infiniplex_forest_clump_small
D:2:      layout_basic, hangedman_decor_push, hex_large
D:3:      layout_basic, fedhas_altar_1, mainiacjoe_overflow_surrounded_room,
          st_stairs_14, nicolae_underground_beach, uniq_ijyb
D:4:      layout_loops_ring, elyvilon_altar_4,
          gammafunk_temple_overflow_elements
D:5:      layout_gridville, uniq_sigmund
D:6:      layout_basic, nicolae_hepliaklqana_monster_ancestors,
          nicolae_vehumet_radiance
D:7:      layout_basic, kennysheep_mini, minmay_temple_entry_enclosed_plants,
          biasface_ghost_orc_armoury, uniq_duvessa
D:8:      layout_cave_pools, zin_treasury
D:9:      minmay_octagon_keep, layout_loops_ring,
          nicolae_overflow_crystal_walls, mainiacjoe_overflow_24_doors,
          lemuel_round_altar, minmay_pinched_square
D:10:     layout_irregular_city, nicolae_shop_firing_range, uniq_harold,
          uniq_urug, uniq_snorg
D:12:     minmay_strange_plus, layout_basic, orc_david_3, serial_bayou,
          serial_bayou_crossing, serial_bayou_pond_d, serial_bayou_lagoon_a,
          serial_bayou_pond_e, lemuel_flamethrower_3
D:13:     layout_long_grid, david_vaults_4, serial_shops,
          nicolae_shop_advertising_works [nicolae_subvault_shop_adworks],
          eat_drink_and_be_merry_uskayaw, uniq_azrael

Notes
Turn   | Place    | Note
-------+----------+-------------------------------------------
     0 | D:1      | Jeffwins the Human Wanderer began the quest for the Orb.
     0 | D:1      | Jeffwins set off with the following items: a +0 short
                  | sword, a wand of polymorph (5), a scroll of fear, a +0
                  | leather armour; and the following spell memorised: Sting;
                  | and the following spells available to memorise: Poisonous
                  | Vapours, Ignite Poison.
     0 | D:1      | Reached XP level 1. HP: 13/13 MP: 2/2
   188 | D:1      | Reached XP level 2. HP: 18/19 MP: 3/3
   191 | D:1      | Learned a level 2 spell: Poisonous Vapours
   656 | D:1      | Reached skill level 1 in Transmutations
   656 | D:1      | Reached skill level 1 in Fire Magic
   689 | D:1      | Reached XP level 3. HP: 21/24 MP: 5/5
  1916 | D:2      | Reached XP level 4. HP: 21/30 MP: 6/6
  1920 | D:2      | Learned a level 3 spell: Ignite Poison
  2391 | D:3      | Noticed Ijyb
  2516 | D:3      | Killed Ijyb
  2617 | D:3      | Reached skill level 2 in Spellcasting
  2631 | D:3      | Identified a scarf of resistance
  2657 | D:3      | Found a blossoming altar of Fedhas.
  2922 | D:3      | Found an ornate altar of the Wu Jian Council.
  3190 | D:3      | Reached XP level 5. HP: 35/35 MP: 8/8
  3486 | D:4      | Noticed a bullfrog
  3491 | D:4      | Killed a bullfrog
  3492 | D:4      | Reached skill level 2 in Transmutations
  3492 | D:4      | Reached skill level 2 in Fire Magic
  3627 | D:4      | Reached XP level 6. HP: 41/41 MP: 8/9
  3690 | D:4      | Reached skill level 1 in Ranged Weapons
  3690 | D:4      | Reached skill level 1 in Stealth
  3738 | D:4      | Noticed an ogre
  3741 | D:4      | Killed an ogre
  3893 | D:4      | Noticed a sky beast
  3908 | D:4      | Killed a sky beast
  3909 | D:4      | Reached XP level 7. HP: 47/47 MP: 10/11
  4030 | D:4      | Reached skill level 1 in Fighting
  4327 | D:4      | Found a white marble altar of Elyvilon.
  4487 | D:4      | Found a sparkling altar of Nemelex Xobeh.
  4487 | D:4      | Found a glowing golden altar of the Shining One.
  4595 | D:5      | Entered Level 5 of the Dungeon
  4603 | D:5      | Reached skill level 2 in Ranged Weapons
  4648 | D:5      | Identified a scroll of acquirement
  4652 | D:5      | Acquired the ring of Walaumo {Fly rC+ Str+4 Slay+2 Stlth-}
  4677 | D:5      | Reached skill level 6 in Poison Magic
  4717 | D:5      | Noticed Sigmund
  4722 | D:5      | Killed Sigmund
  4723 | D:5      | Reached skill level 3 in Spellcasting
  4723 | D:5      | Reached skill level 3 in Transmutations
  4723 | D:5      | Reached skill level 3 in Fire Magic
  4723 | D:5      | Reached skill level 2 in Evocations
  4804 | D:5      | Reached XP level 8. HP: 54/54 MP: 12/12
  4993 | D:5      | Reached skill level 2 in Stealth
  5352 | D:5      | Acquired 1051 gold pieces
  5365 | D:5      | Reached skill level 3 in Ranged Weapons
  5601 | D:5      | Reached skill level 2 in Fighting
  5907 | D:5      | Reached skill level 4 in Fire Magic
  6059 | D:5      | Reached skill level 4 in Transmutations
  6059 | D:5      | Reached XP level 9. HP: 49/61 MP: 6/14
  6285 | D:5      | Reached skill level 4 in Spellcasting
  6502 | D:6      | Found a radiant altar of Vehumet.
  6516 | D:6      | Became a worshipper of Vehumet
  6644 | D:6      | Reached skill level 3 in Stealth
  6644 | D:6      | Reached skill level 3 in Evocations
  6874 | D:6      | Reached skill level 4 in Ranged Weapons
  6874 | D:6      | Reached skill level 7 in Poison Magic
  7436 | D:6      | Found a hazy altar of Hepliaklqana.
  7557 | D:7      | Found a staircase to the Ecumenical Temple.
  7570 | D:7      | Noticed a skeletal warrior
  7570 | D:7      | Noticed a skeletal warrior
  7629 | D:7      | Reached skill level 3 in Fighting
  7823 | D:6      | Reached skill level 5 in Fire Magic
  7964 | D:7      | Reached skill level 5 in Transmutations
  8014 | D:7      | Reached XP level 10. HP: 68/70 MP: 5/17
  8158 | D:7      | Found a runed translucent gate.
  8158 | D:7      | Noticed qeuew's ghost (novice DsCK)
  8159 | D:7      | Found a runed translucent gate.
  8160 | D:7      | Found a runed translucent gate.
  8228 | D:7      | Found a stormy altar of Qazlal.
  8591 | D:7      | Noticed Dowan
  8592 | D:7      | Noticed Duvessa
  8598 | D:7      | Killed Duvessa
  8598 | D:7      | Killed Dowan
  8604 | D:7      | Reached * piety under Vehumet
  8604 | D:7      | Offered knowledge of Shock by Vehumet.
  8618 | D:7      | Reached skill level 5 in Spellcasting
  8786 | D:7      | Noticed a skeletal warrior
  8787 | D:7      | Noticed a skeletal warrior
  9477 | D:8      | Reached skill level 5 in Ranged Weapons
  9489 | D:8      | HP: 7/70 [poisoned by a killer bee]
 10200 | D:7      | Reached skill level 4 in Stealth
 10336 | D:8      | Reached skill level 8 in Poison Magic
 10522 | D:8      | Found a glowing silver altar of Zin.
 10616 | D:9      | Found a hide-covered altar of Uskayaw.
 10675 | D:9      | Reached skill level 6 in Fire Magic
 10675 | D:9      | Reached skill level 4 in Evocations
 10891 | D:9      | Found a broken altar of Ashenzari.
 10989 | D:9      | Reached skill level 6 in Transmutations
 10995 | D:9      | Reached XP level 11. HP: 73/76 MP: 9/19
 11187 | D:9      | Reached skill level 4 in Fighting
 11197 | D:9      | Reached ** piety under Vehumet
 11378 | D:9      | Offered knowledge of Scorch by Vehumet.
 11379 | D:9      | Reached skill level 6 in Ranged Weapons
 11379 | D:9      | Reached skill level 6 in Spellcasting
 11536 | D:9      | Learned a level 2 spell: Scorch
 11536 | D:9      | Noticed a manticore
 11541 | D:9      | Killed a manticore
 11699 | D:9      | Identified the staff of poison "Edurij" {rPois rF+ Int+3}
 11699 | D:9      | Noticed a centaur warrior
 11900 | D:9      | Noticed a wizard
 11903 | D:9      | Killed a wizard
 11908 | D:9      | Killed a centaur warrior
 12358 | D:9      | Found a bloodstained altar of Trog.
 12452 | D:9      | Reached skill level 7 in Fire Magic
 12617 | D:10     | Entered Level 10 of the Dungeon
 12752 | D:10     | Offered knowledge of Inner Flame by Vehumet.
 12965 | D:10     | Noticed Harold
 12970 | D:10     | Killed Harold
 12971 | D:10     | Reached skill level 5 in Stealth
 12971 | D:10     | Reached skill level 7 in Transmutations
 13026 | D:10     | You are sucked into a shaft and drop 3 floors!
 13139 | D:13     | Noticed a phantasmal warrior
 13145 | D:13     | Noticed an ice dragon
 13147 | D:13     | Killed a phantasmal warrior
 13160 | D:13     | Killed an ice dragon
 13161 | D:13     | Reached skill level 9 in Poison Magic
 13161 | D:13     | Reached XP level 12. HP: 73/84 MP: 22/22
 13264 | D:13     | Found a gate to the Vaults.
 13565 | D:12     | Noticed a sphinx
 13582 | D:12     | Reached skill level 7 in Ranged Weapons
 13588 | D:12     | Killed a sphinx
 13589 | D:12     | Reached skill level 7 in Spellcasting
 13589 | D:12     | Reached skill level 5 in Evocations
 13654 | D:12     | Noticed an ettin
 13660 | D:12     | Killed an ettin
 13737 | D:12     | Identified the +1 long sword of Flawed Execution {speed,
                  | +Blink rElec rC- Int+7}
 13737 | D:12     | Noticed a centaur warrior
 13740 | D:12     | Killed a centaur warrior
 13741 | D:12     | Reached skill level 5 in Fighting
 13767 | D:12     | Identified the +2 hand axe "Hydraslayer" {flame, *Rage
                  | rElec rN+}
 13767 | D:12     | Noticed a centaur warrior
 13773 | D:12     | Killed a centaur warrior
 13909 | D:12     | Noticed a stone giant
 13915 | D:12     | Killed a stone giant
 13915 | D:12     | Reached *** piety under Vehumet
 14276 | D:12     | Got Advanced Wizardry
 14277 | D:12     | Identified the staff of air "Ywneyxuw" {rElec rPois rCorr}
 14285 | D:12     | Noticed an eight-headed hydra
 14291 | D:12     | Got the Omnibus of Virous Hurting
 14311 | D:12     | Killed an eight-headed hydra
 14312 | D:12     | Reached skill level 8 in Transmutations
 14312 | D:12     | Reached skill level 8 in Fire Magic
 14317 | D:12     | Noticed a skeletal warrior
 14356 | D:12     | HP: 1/86 [skeletal warrior/+0 scimitar (24)]
 14357 | D:12     | Annihilated by a skeletal warrior

Vanquished Creatures
  A sphinx (D:12)
  A stone giant (D:12)
  An ettin (D:12)
  A hydra (D:12)
  An ice dragon (D:13)
  Harold (D:10)
  3 centaur warriors
  A wizard (D:9)
  A phantasmal warrior (D:13)
  An ugly thing (D:12)
  2 manticores
  A wolf spider (D:12)
  2 trolls (D:9)
  A hornet (D:9)
  Sigmund (D:5)
  A water elemental (D:12)
  2 wyverns (D:9)
  10 yaks
  A wraith (D:9)
  A basilisk (D:12)
  A steam dragon (D:9)
  A vampire mosquito (D:9)
  A redback (shapeshifter) (D:12)
  An acid dragon (D:9)
  3 water moccasins
  An ice beast (D:5)
  Duvessa (D:7)
  6 orc warriors
  A sky beast (D:4)
  A black bear (D:7)
  5 centaurs
  2 ogres
  A kobold brigand (D:9)
  2 scorpions
  4 bullfrogs
  2 gnoll sergeants
  14 wights
  Dowan (D:7)
  12 killer bees
  An electric eel (D:12)
  7 howler monkeys
  3 jellies
  3 hounds (D:5)
  6 orc priests
  6 iguanas
  A sleepcap (D:5)
  Ijyb (D:3)
  8 orc wizards
  12 gnolls
  An adder (D:3)
  A shadow imp (D:6)
  2 ufetubi
  2 worms
  2 dart slugs
  33 orcs
  4 endoplasms
  5 giant cockroaches
  13 goblins
  7 hobgoblins
  2 jackals (D:4)
  3 quokkas
  8 ball pythons
  5 bats
  2 frilled lizards (D:2)
  4 kobolds
  7 rats
  A spectral goblin (D:6)
244 creatures vanquished.

Vanquished Creatures (others)
  A quokka (D:4)
  13 plants
14 creatures vanquished.

Grand Total: 258 creatures vanquished

Table legend: (Time is in decaauts)
 A = Elapsed time spent in this place.
 B = Non-inter-level travel time spent in this place.
 C = Inter-level travel time spent in this place.
 D = Time resting spent in this place.
 E = Time spent auto-exploring this place.
 F = Levels seen in this place.
 G = Mean time per level.
                   A        B        C        D        E       F      G
               +--------+--------+--------+--------+--------+-----+--------+
         Total |  14567 |  14095 |    472 |   2780 |   9053 |  12 | 1213.9 |
       Dungeon |  14567 |  14095 |    472 |   2780 |   9053 |  12 | 1213.9 |
               +--------+--------+--------+--------+--------+-----+--------+

Top non-repeatable levels by time:
     D:9: 2060 daAuts
     D:5: 1866 daAuts
     D:6: 1594 daAuts
     D:7: 1498 daAuts
     D:4: 1302 daAuts
     D:1: 1247 daAuts
     D:2: 1212 daAuts
     D:8: 1118 daAuts
    D:12: 1063 daAuts
     D:3: 900 daAuts
    D:10: 414 daAuts
    D:13: 288 daAuts

Table legend:
 A = Non-vault XP
 B = Vault XP
 C = Vault XP percentage of total XP
 D = Non-vault monster count
 E = Vault monster count
 F = Vault count percentage of total count
                 A         B        C        D         E       F
            +---------+---------+-------+---------+---------+-------
      Total |    8642 |   15514 |  64.2 |     199 |      45 |  18.4
            +---------+---------+-------+---------+---------+-------
        D:1 |      39 |       0 |   0.0 |      26 |       0 |   0.0
        D:2 |      30 |       0 |   0.0 |      16 |       0 |   0.0
        D:3 |      38 |      38 |  50.0 |      14 |       2 |  12.5
        D:4 |     544 |       0 |   0.0 |      15 |       0 |   0.0
        D:5 |    1485 |     226 |  13.2 |      29 |       1 |   3.3
        D:6 |    1512 |       3 |   0.2 |      23 |       2 |   8.0
        D:7 |     625 |     204 |  24.6 |      22 |       2 |   8.3
        D:8 |    2048 |       0 |   0.0 |      27 |       0 |   0.0
        D:9 |    1315 |    4794 |  78.5 |      10 |      25 |  71.4
       D:10 |     445 |     860 |  65.9 |      13 |       1 |   7.1
       D:12 |     561 |    7919 |  93.4 |       4 |      10 |  71.4
       D:13 |       0 |    1470 | 100.0 |       0 |       2 | 100.0
            +---------+---------+-------+---------+---------+-------
